[Event "*** Titled Tuesday Blitz"]
[Site "Chess.com"]
[Date "2019.02.05"]
[Round "3"]
[White "GukeshDommaraju"]
[Black "Jospem"]
[Result "0-1"]
[WhiteElo "2690"]
[BlackElo "2897"]
[TimeControl "180+2"]
[EndTime "13:38:57 PST"]
[Termination "Jospem won on time"]

1. Nf3 Nf6 2. g3 b5 3. Na3 a6 4.
c4 b4 5. Nc2 c5 6. Bg2 Bb7 7.
O-O e6 8. d4 cxd4 9. Ncxd4 d6 10. b3 Nbd7 11. Bd2 Qb6 12. a3 bxa3 13. Rxa3 Be7 14.
Ba5 Qc5 15. Ra2 O-O 16. b4 Qh5 17. e3 Rfc8 18. Nd2 Qxd1 19. Rxd1 Bxg2 20. Kxg2 Ne5 21. Rc2 Rab8 22. Rb1 h6 23. b5 axb5 24. cxb5 Rxc2 25. Nxc2 Nd5 26. Nd4 Ra8 27. N2b3 Nc4 28. Nc6 Bf6 29.
e4 Ndb6 30. Bxb6 Nxb6 31. Nba5 Kf8 32. Nb7 d5 33. exd5 exd5 34. Nc5 Ra2 35. Nb4 Ra3 36. Rd1 Be7 37. Nca6 Rb3 38. Nxd5 Rxb5 39. Nac7 Rc5 40. Nxb6 Rxc7 41. Nd5 Rd7 42. Ne3 Rb7 43. Rc1 g6 44. Rc8+ Kg7 45. Nd5 Bd6 46. h4 Rb5 47. Ne3 h5 48.
Rc6 Bb8 49. Nf1 Rb2 50. Rc3 Ba7 51. Rf3 Re2 52. Ne3 Bd4 53. Kf1 Ra2 54. Kg2 Bc5 55. Nc4 Rc2 56. Ne5 f6 57. Nd3 Bd4 58. Nf4 Kf7 59.
Nd3 Rd2 60. Ne1 Kg7 61. Nd3 g5 62. hxg5 fxg5 63. g4 hxg4 64. Rg3 Kg6 65. Kf1 Kf5 66. Ke1 Ra2 67. f3 gxf3 68. Rxf3+ Ke4 69. Rg3 Be3 70. Nb4 Rb2 71. Rg4+ Kf3 0-1

[Event "*** Titled Tuesday Blitz"]
[Site "Chess.com"]
[Date "2019.02.05"]
[Round "3"]
[White "Ginger_GM"]
[Black "Shant_Sargsyan"]
[Result "1-0"]
[WhiteElo "2586"]
[BlackElo "2808"]
[TimeControl "180+2"]
[EndTime "13:39:30 PST"]
[Termination "Ginger_GM won by resignation"]

1. d4 Nf6 2. c4 e6 3. Nf3 d5 4. Nc3 dxc4 5. e4 Bb4 6. Bxc4 Nxe4 7. O-O Nxc3 8. bxc3 Bd6 9. Qe2 O-O 10. Rd1 Nd7 11.
Ne5 Qe7 12. Rd3 f6 13. Ng4 Nb6 14. Bb3 Kh8 15. f4 e5 16. fxe5 fxe5 17. Nxe5 Bf5 18. Re3 Qf6 19. Bd2 Bxe5 20. Rxe5 Bg4 21. Qe3 Bd7 22.
Re1 Bc6 23. h3 Qg6 24. d5 Ba4 25. c4 Rae8 26. Bc3 Rxe5 27. Qxe5 h6 28. c5 Bxb3 29. axb3 Nd7 30. Qxc7 Qf5 31. Kh2 Nf6 32. Bxf6 Rxf6 33. Qe5 Qf2 34. d6 Rf5 35. Qe8+ Kh7 36. Qe4 Qf4+ 37. Qxf4 Rxf4 38. Rd1 Rf8 39. b4 a6 40.
Re1 Rf4 41. Rd1 Rf8 42. Kg3 Kg6 43. d7 Rd8 44. Kf4 Kf6 45. h4 Ke6 46. Rd6+ Ke7 47. Rg6 Rf8+ 48. Ke5 Rf7 49. Rd6 Kd8 50. Ke6 Rf6+ 51.
Ke5 Rf2 52. Rb6 Re2+ 53. Kf5 Rf2+ 54. Ke6 Re2+ 55. Kf7 Re7+ 56. Kg6 Rxd7 57. g4 Kc7 58. g5 hxg5 59. hxg5 Re7 60. Rd6 Re4 61. Kxg7 Rxb4 62. g6 Rc4 63. Rd5 Kc6 64. Rg5 Rd4 65. Kf7 a5 66. g7 Rd7+ 67. Ke6 Rd8 68. g8=Q Rxg8 69. Rxg8 Kxc5 70. Rg5+ Kb4 71. Kd5 a4 72. Rg4+ Kb3 73.
Kc5 a3 74. Rg3+ Ka4 75. Kc4 a2 76. Rg1 Ka3 77. Kc3 b5 78. Kc2 b4 79. Rg3+ b3+ 80. Rxb3+ Ka4 81. Rb8 a1=Q 82. Ra8+ Kb4 83. Rxa1 1-0

[Event "*** Titled Tuesday Blitz"]
[Site "Chess.com"]
[Date "2019.02.05"]
[Round "3"]
[White "Arystanner"]
[Black "MartinMatthiesen"]
[Result "0-1"]
[WhiteElo "2745"]
[BlackElo "2485"]
[TimeControl "180+2"]
[EndTime "13:39:42 PST"]
[Termination "MartinMatthiesen won by resignation"]

1. e4 e5 2. Nf3 Nc6 3. Bb5 a6 4.
Ba4 Nf6 5. d3 b5 6. Bb3 Bc5 7.
Nc3 d6 8. Nd5 h6 9. c3 O-O 10.
Nxf6+ Qxf6 11. Bd5 Bb7 12. g4 Nd8 13. g5 hxg5 14.
Bxg5 Qg6 15. Bxb7 Nxb7 16. Rg1 f6 17. Qb3+ Kh7 18. Rg3 Qf7 19. Be3 Bxe3 20. fxe3 Nc5 21. Qxf7 Rxf7 22. Ke2 Rh8 23. b3 Kg8 24. h4 Rh6 25. Rh1 Kf8 26. h5 Ne6 27. Nh4 Ke8 28. Nf5 Rh7 29. a4 bxa4 30. bxa4 Ng5 31. Rgg1 Rf8 32.
Rb1 Kd7 33. Rb7 g6 34. Ng3 gxh5 35. Rxh5 Rxh5 36. Nxh5 Kc6 37. Rb1 f5 38. exf5 Rxf5 39. e4 Nxe4 40. dxe4 Rxh5 41. Rb4 Rh3 42. Kd2 Kc5 43.
Rb7 c6 44. Ra7 Kb6 45. Rd7 Rh6 46. Kd3 Ka5 47. Rc7 c5 48. Kc4 Kxa4 49. Rb7 Ka3 50. Ra7 Kb2 51. Kd5 Kxc3 52. Rxa6 Kb4 53. Rb6+ Ka5 54.
Rb1 Ka4 55. Kc4 Ka3 56. Rb3+ Ka2 57. Rb8 Rh2 58. Rb6 Rd2 59. Kc3 Rd4 60. Ra6+ Kb1 61. Rb6+ Kc1 62. Ra6 Kd1 63. Ra2 Rxe4 64. Rd2+ Ke1 65.
Rxd6 Rd4 66. Re6 e4 67. Re5 Kf2 68. Rxc5 Rd8 69. Rf5+ Ke2 70. Rh5 e3 71. Rh7 Ke1 72. Kc2 e2 73. Rf7 Rd4 74. Rf8 Rc4+ 75. Kd3 Rc6 76.
Re8 Rd6+ 77. Ke3 Kd1 0-1

[Event "*** Titled Tuesday Blitz"]
[Site "Chess.com"]
[Date "2019.02.05"]
[Round "3"]
[White "OscarAng"]
[Black "MatsenkoSergey"]
[Result "1-0"]
[WhiteElo "2351"]
[BlackElo "2696"]
[TimeControl "180+2"]
[EndTime "13:39:43 PST"]
[Termination "OscarAng won on time"]

1. d4 Nf6 2. Bg5 e6 3. e4 h6 4. Bxf6 Qxf6 5. c3 d5 6. Nd2 c5 7. Ngf3 cxd4 8. Nxd4 dxe4 9. Nxe4 Qd8 10. Nb5 Na6 11. Qf3 Nc7 12. Rd1 Nd5 13. Bc4 a6 14. Bxd5 exd5 15. Rxd5 axb5 16. Rxd8+ Kxd8 17. O-O Be6 18.
Rd1+ Kc7 19. a3 Re8 20. Qg3+ Kb6 21. Qe3+ Kc6 22. a4 bxa4 23. Qd3 Be7 24. Nd2 Rd8 25.
Qc2 b5 26. h3 Kb6 27. c4 bxc4 28. Qxa4 Rd4 29. Nf3 Rxd1+ 30. Qxd1 Rd8 31. Qa4 Bc5 32. Ne5 Rd6 33. Nxc4+ Bxc4 34. Qxc4 Rf6 35. Qb3+ Kc6 36. Qa4+ Kb6 37. Qb3+ Kc6 38. Qc4 Kb6 39. Kh1 Bxf2 40. Qb4+ Kc7 41. Qc4+ Kd7 42. Qd5+ Ke7 43. Qb7+ Ke6 44.
Qc6+ Ke7 45. Qb7+ Ke6 46. Qc6+ Ke5 47. Qb5+ Kd4 48. Qb4+ Kd3 49. Qc3+ Ke2 50. Qc4+ Ke1 51. Qc1+ Ke2 52. Qc4+ Ke3 53. Qc5+ Ke2 54. Qc2+ Ke1 55.
Qc1+ Ke2 56. Qc4+ Ke1 57. Qc1+ Ke2 58. Qc4+ Ke3 59. Qc5+ Kd2 60. Qc3+ Kd1 61. Qd3+ Kc1 62. Qc3+ Kb1 63. b4 Bb6 64. Qb3+ Kc1 65. Qc3+ Kd1 66. Kh2 Ke2 67. h4 h5 68. Qe5+ Kf2 69. Qxh5 Bc7+ 70. Kh3 Bb6 71. Qd5 g6 72. Qd2+ Kg1 73. Qc1+ Rf1 74. Qc6 Be3 75. Qe4 Bf4 76. Qd4+ Kh1 77. b5 Bh2 78. b6 Rb1 79. Kg4 Bg1 80. Qd6 Rxb6 81. Qd1 Rb4+ 82. Kf3 Rb5 83. Kg4 Rf5 84. Kg3 Rf6 85. h5 1-0

[Event "*** Titled Tuesday Blitz"]
[Site "Chess.com"]
[Date "2019.02.05"]
[Round "3"]
[White "wenx95"]
[Black "Lion_DL"]
[Result "1-0"]
[WhiteElo "2499"]
[BlackElo "2397"]
[TimeControl "180+2"]
[EndTime "13:39:54 PST"]
[Termination "wenx95 won by resignation"]

1. c4 Nf6 2. g3 e6 3. Nf3 d5 4.
Bg2 Be7 5. O-O O-O 6. b3 c5 7.
Bb2 Nc6 8. e3 d4 9. exd4 cxd4 10.
Re1 Re8 11. a3 Bf8 12. b4 e5 13. b5 Na5 14. Nxe5 Rxe5 15. Rxe5 Nxc4 16. Re1 Nxb2 17. Qb3 Be6 18. Qxb2 Bd5 19. Qxd4 Bxg2 20. Qxd8 Rxd8 21.
Kxg2 g6 22. Rd1 Rd3 23. Nc3 Bc5 24. h3 h5 25. a4 Bb4 26. Rac1 Kg7 27. Kf1 h4 28. Ke2 Rd4 29. d3 hxg3 30. fxg3 Bxc3 31. Rxc3 Rxa4 32. Rc7 b6 33. d4 Nd5 34. Rc2 Ra3 35.
Kf2 Ne3 36. Rcd2 Nxd1+ 37. Rxd1 Kf8 38. Rc1 Ra5 39. Rc7 Rxb5 40. Rxa7 Rb3 41. Rb7 Kg7 42. h4 Kf6 43. Kg2 Ke6 44. d5+ Kxd5 45. Rxf7 Ke6 46. Rg7 Kf6 47. Rc7 b5 48. Kh3 b4 49. Kg4 Rb1 50.
Rb7 b3 51. Rb6+ Kf7 52. Kg5 b2 53. g4 Kf8 54. Rb7 Ke8 55. Rb6 Kf7 56. Rb7+ Kf8 57. Rb6 Kf7 58. Rb4 Kg7 59. Rb7+ Kf8 60. Kxg6 Rg1 61.
Rb8+ Ke7 62. Rxb2 Rxg4+ 63. Kh5 Rg1 64. Rf2 Rg3 65. Kh6 Rg8 66. h5 Rf8 67. Rg2 Kf7 68. Kh7 Ra8 69. Rg7+ Kf6 70. h6 Rb8 71. Ra7 Rc8 72.
Ra6+ Kf7 73. Ra7+ Kf6 74. Rb7 Rd8 75. Rg7 Rc8 76. Rg6+ Kf7 77. Rg2 Rd8 78. Rf2+ Ke7 79. Kg7 Rd4 80. Rf7+ Ke8 81. Rf6 Rd7+ 82. Kg8 Rd2 83.
Rg6 Rf2 84. h7 Rf8+ 85. Kg7 Rf7+ 86. Kh6 Rf8 87. Rg8 1-0

[Event "*** Titled Tuesday Blitz"]
[Site "Chess.com"]
[Date "2019.02.05"]
[Round "3"]
[White "Tiqr777"]
[Black "Naruto-K"]
[Result "0-1"]
[WhiteElo "2588"]
[BlackElo "2365"]
[TimeControl "180+2"]
[EndTime "13:39:55 PST"]
[Termination "Naruto-K won by resignation"]

1. g3 Nf6 2. Bg2 d5 3. d3 Bf5 4. Nc3 c6 5. Nf3 e6 6. O-O Be7 7. Qe1 h6 8. e4 Bh7 9. Qe2 O-O 10. Re1 a5 11. a3 Na6 12. Bf4 Re8 13. e5 Nd7 14. d4 b5 15. Nd1 b4 16. axb4 Nxb4 17. Rc1 c5 18. Qd2 Rc8 19. Bf1 cxd4 20. Nxd4 g5 21. c3 gxf4 22. cxb4 Rxc1 23. Qxc1 Bxb4 24. Nc3 fxg3 25. hxg3 Qg5 26. Qxg5+ hxg5 27. f4 Bc5 28. Rd1 Rb8 29. Bb5 Nf8 30. Kg2 Ng6 31. Kf3 gxf4 32.
gxf4 Nh4+ 33. Ke2 Bxd4 34. Rxd4 Nf5 35. Ra4 d4 36. Rxa5 dxc3 37. bxc3 Bg6 38. c4 Nd4+ 39. Ke3 Nxb5 40. cxb5 Rb7 41. Kd4 Kg7 42. Kc5 Be4 43. Ra4 Bd5 44. b6 Kg6 45. Rb4 Kf5 46. Kd6 Be4 47.
Rb2 Kxf4 48. Rb4 Kf5 49. Rb2 Kg4 50. Rb4 Kf3 51. Rb2 Ke3 52. Rb4 Bd5 53. Rb1 Kd4 54. Rb2 Kc3 55. Rb1 Kd4 56. Rb2 Ke4 57. Rb1 Kf5 58. Rb2 Kg6 59. Rb4 f6 60. exf6 Kxf6 61.
Rb2 Kf7 62. Rb4 Ke8 63. Rb2 Kd8 64. Rb4 Rd7+ 65. Ke5 Kc8 66. Ra4 Kb7 67. Ra7+ Kc6 68. Ra6 Rb7 69. Ra1 Rxb6 70. Rc1+ Kd7 71. Ra1 Rb5 72.
Re1 Rb4 73. Re3 Rb1 74. Re2 Rf1 75. Re3 Rf5+ 76. Kd4 Kd6 77. Rg3 Rf4+ 78. Ke3 Ra4 79. Rg8 Ke5 80. Kd2 Ra3 81. Rb8 Kd4 82. Kc1 e5 83.
Rb2 e4 84. Rd2+ Rd3 85. Rb2 e3 86. Rb4+ Bc4 87. Rb8 e2 88. Rd8+ Kc3 89. Rxd3+ Kxd3 0-1

[Event "*** Titled Tuesday Blitz"]
[Site "Chess.com"]
[Date "2019.02.05"]
[Round "3"]
[White "Samuray111"]
[Black "dusanacns"]
[Result "1-0"]
[WhiteElo "2568"]
[BlackElo "2595"]
[TimeControl "180+2"]
[EndTime "13:40:01 PST"]
[Termination "Samuray111 won by resignation"]

1. Nf3 Nf6 2. b3 g6 3. Bb2 Bg7 4. g3 O-O 5. Bg2 a5 6. a3 a4 7. b4 d6 8. d4 d5 9. Nbd2 Bf5 10. O-O Ne4 11. c4 c6 12. Rc1 Nd7 13. Nh4 Nxd2 14. Qxd2 Be6 15. c5 Nf6 16. Qc2 Qd7 17. Rcd1 Bh3 18.
Rfe1 Bxg2 19. Nxg2 Ne4 20. f3 Ng5 21. Nf4 Rfe8 22.
Nd3 f6 23. Qd2 Rad8 24. Nf2 Nf7 25. Qc2 e5 26. dxe5 fxe5 27. Qxa4 Ng5 28. Qb3 Kh8 29.
a4 d4 30. Bc1 Nh3+ 31. Nxh3 Qxh3 32. e4 Rf8 33. Rf1 Rd7 34. b5 Rdf7 35. bxc6 bxc6 36. a5 Qc8 37. Bd2 Rb7 38. Qa3 Rb5 39. a6 Rf7 40. Ra1 Ra7 41. Rfb1 Rxa6 42. Qxa6 Qxa6 43.
Rxa6 Rxb1+ 44. Kf2 h5 45. Rxc6 Rb2 46. Ke1 h4 47.
Rxg6 h3 48. Rg4 Bf6 49. Rg6 Be7 50. c6 Bd8 51. Rh6+ Kg7 52. Rxh3 d3 53. Bc3 Rc2 54.
Bxe5+ Kg6 55. c7 Be7 56. c8=Q Rxc8 57. Kd2 Rd8 58. Rh8 Bb4+ 59. Kd1 Rd7 60. Rb8 Ba5 61. Rb5 Ra7 62. Bd4 Ra6 63. h4 Ra8 64. h5+ Kf7 65.
g4 Bc7 66. Kd2 Ra3 67. Rc5 Bd6 68. Rc3 Bb4 69. Kxd3 Bxc3 70. Bxc3 Ke7 71. g5 Kf7 72. g6+ Kg8 73. h6 1-0

[Event "*** Titled Tuesday Blitz"]
[Site "Chess.com"]
[Date "2019.02.05"]
[Round "3"]
[White "HajiyevKanan"]
[Black "Doraemon7"]
[Result "1-0"]
[WhiteElo "2359"]
[BlackElo "2520"]
[TimeControl "180+2"]
[EndTime "13:40:01 PST"]
[Termination "HajiyevKanan won by resignation"]

1. d4 Nf6 2. Nf3 d5 3. c4 e6 4. cxd5 exd5 5. Nc3 c6 6. Bg5 h6 7. Bh4 Bf5 8. e3 Nbd7 9. Bd3 Bxd3 10. Qxd3 Be7 11. O-O O-O 12. Rab1 a5 13. Rfc1 Ne4 14. Bxe7 Qxe7 15. Nd2 Nd6 16. Na4 f5 17. g3 g5 18.
Kh1 Ne4 19. Qe2 Kh7 20. Rg1 Ndf6 21. Nc3 Nxd2 22. Qxd2 Ne4 23. Qc2 g4 24. Rg2 h5 25.
h4 gxh3 26. Rh2 Ng5 27. Ne2 Qe4+ 28. Qxe4 fxe4 29. Nf4 Kh6 30. Rf1 a4 31. Nxh3 Nf3 32. Rg2 Ra5 33. Rc1 Rb5 34. Rb1 Nd2 35. Rd1 Nf3 36.
Rb1 Ra8 37. Nf4 Ra6 38. g4 h4 39. Ne6 Rab6 40. g5+ Kg6 41. Nf4+ Kg7 42. g6 h3 43. Nxh3 Rxb2 44. Rf1 Nh4 45. Rg4 Nxg6 46. Nf4 c5 47. dxc5 Rc6 48. Nxd5 Kf7 49. Nc3 Rxc5 50. Nxa4 Rh5+ 51. Kg1 Rxa2 52. Nc5 Nh4 53. Nxe4 Nf3+ 54. Kg2 Ne5 55. Rf4+ Ke6 56. Ng3 Rh8 57. Re4 Kd5 58.
Rf4 b5 59. Rd1+ Kc6 60. Rf6+ Kb7 61. Rd5 Ng4 62. Rxb5+ Kc7 63. Rf4 Nxe3+ 64. Kf3 Nd1 65. Rc4+ Kd7 66. Rd5+ Ke6 67. Rxd1 Rf8+ 68. Kg4 Rg8+ 69.
Kf3 Rf8+ 70. Ke3 Raxf2 71. Re4+ Kf6 72. Kxf2 Kg5+ 73. Ke3 Ra8 74. Ne2 Kf6 75. Rd3 Ra1 76. Rdd4 Kf5 77. Rd3 Rh1 78. Rf4+ Kg5 79. Rd5+ Kg6 80.
Re4 Rh3+ 81. Kd4 Ra3 82. Nf4+ Kf7 83. Ke5 Ra7 84. Rd6 Ra5+ 85. Nd5 Ra1 86. Rf4+ Kg7 87.
Rg4+ Kf7 88. Rd7+ Ke8 89. Re7+ Kf8 90. Rf4+ Kg8 91. Nf6+ Kf8 92. Nd5+ Kg8 93. Rb4 Re1+ 94. Kd6 Rb1 95. Rxb1 1-0

[Event "*** Titled Tuesday Blitz"]
[Site "Chess.com"]
[Date "2019.02.05"]
[Round "3"]
[White "Saitama_Hero"]
[Black "MikeSailer"]
[Result "1-0"]
[WhiteElo "2222"]
[BlackElo "2114"]
[TimeControl "180+2"]
[EndTime "13:41:17 PST"]
[Termination "Saitama_Hero won on time"]

1. b3 d5 2. Bb2 Nf6 3. Nf3 g6 4.
e3 Bg7 5. c4 c6 6. Nc3 O-O 7.
Be2 Re8 8. O-O e5 9. cxd5 cxd5 10. d4 e4 11. Ne5 Nbd7 12. Nb5 Qb6 13. a4 a6 14. a5 Qd8 15. Nd6 Re7 16. Rc1 Nxe5 17.
dxe5 Ne8 18. Qxd5 Be6 19. Qxe4 Nxd6 20. exd6 Qxd6 21. Bxg7 Kxg7 22. Rfd1 Bxb3 23. Rxd6 Rxe4 24. Rb6 Bd5 25. Bf3 Rc4 26. Rxc4 Bxc4 27. Bxb7 Rd8 28. h3 Rd1+ 29. Kh2 Ra1 30. Bxa6 Be6 31. Bd3 Rxa5 32.
Kg3 Rg5+ 33. Kf3 h5 34. e4 Ra5 35. Ke3 Ra3 36. Rd6 Ra2 37. h4 Rb2 38. Rd4 Ra2 39. Rd6 Ra3 40. e5 Ra4 41. g3 Ra3 42. Rd4 Rb3 43.
Rf4 Bf5 44. Rd4 Ra3 45. Ke2 Ra2+ 46. Ke3 Ra3 47. f3 Rb3 48. Kd2 Bxd3 49. Rxd3 Rb2+ 50.
Ke3 Rg2 51. Kf4 Rg1 52. Rd7 Re1 53. Rb7 Re2 54. Rb4 Re1 55. Re4 Rf1 56. e6 fxe6 57.
Rxe6 Ra1 58. Kg5 Ra5+ 59. Kf4 Ra4+ 60. Re4 Ra3 61. g4 hxg4 62. fxg4 Ra1 63. Rb4 Rf1+ 64. Kg5 Rf7 65. Rb6 Ra7 66. Rxg6+ Kh7 67. h5 Ra5+ 68. Kh4 Ra4 69. Rc6 Rb4 70. Rf6 Ra4 71. Kg5 Ra5+ 72. Rf5 Ra4 73. Rc5 Ra7 74. Kf5 Rf7+ 75. Kg5 Rg7+ 76. Kh4 Ra7 77. Rc6 Ra4 78. h6 Rb4 79. Kh5 Rb1 80. g5 Rh1+ 81. Kg4 Rg1+ 82. Kf4 Rf1+ 83.
Ke5 Re1+ 84. Kf6 Rf1+ 85. Ke7 Rg1 86. Rc5 Kg6 87. Kf8 Kh7 88. Rc7+ Kh8 89. Rg7 Rf1+ 90. Rf7 Rg1 91. Rf5 Kh7 92. Kf7 Rg2 93. Kf6 Rg1 94.
Re5 Rf1+ 95. Ke6 Kg6 96. Ke7 1-0

[Event "*** Titled Tuesday Blitz"]
[Site "Chess.com"]
[Date "2019.02.05"]
[Round "4"]
[White "Andrew-FB00"]
[Black "SergioGarciaFuentes"]
[Result "0-1"]
[WhiteElo "1873"]
[BlackElo "1988"]
[TimeControl "180+2"]
[EndTime "13:43:17 PST"]
[Termination "SergioGarciaFuentes won by resignation"]

1. e4 c5 2. Nf3 e6 3. Nc3 a6 4. d4 cxd4 5. Nxd4 Nc6 6. Be2 Nge7 7. O-O Ng6 8. Be3 Be7 9. f4 O-O 10. Qd2 Qc7 11. f5 Nge5 12. Bf4 Nxd4 13. Qxd4 Bc5 14. Bxe5 Qxe5 15. Qxc5 Qxc5+ 0-1

[Event "*** Titled Tuesday Blitz"]
[Site "Chess.com"]
[Date "2019.02.05"]
[Round "4"]
[White "ENEASZ"]
[Black "dusanacns"]
[Result "0-1"]
[WhiteElo "2382"]
[BlackElo "2599"]
[TimeControl "180+2"]
[EndTime "13:43:22 PST"]
[Termination "dusanacns won by resignation"]

1. e4 c5 2. c3 d6 3. d4 Nf6 4.
Bd3 Qc7 5. Nf3 g6 6. O-O Bg7 7. Re1 O-O 8. h3 Nfd7 9. Bg5 Nc6 10. d5 Nce5 11. Bxe7 Nxf3+ 12. gxf3 Re8 13. Bh4 Ne5 14. Bf1 f5 15. Nd2 f4 16. Nc4 h6 17. Nxe5 Bxe5 0-1

[Event "*** Titled Tuesday Blitz"]
[Site "Chess.com"]
[Date "2019.02.05"]
[Round "4"]
[White "jerry_77"]
[Black "alexsuper1987"]
[Result "1-0"]
[WhiteElo "2428"]
[BlackElo "2250"]
[TimeControl "180+2"]
[EndTime "13:44:27 PST"]
[Termination "jerry_77 won by resignation"]

1. e4 e6 2. Nf3 d5 3. Nc3 Nf6 4.
e5 Nfd7 5. d4 c5 6. Ne2 Nc6 7.
c3 Qb6 8. a3 cxd4 9. cxd4 f6 10. Nf4 fxe5 11. Nxe6 e4 12. Bf4 Nce5 13. Nxe5 Qxe6 14.
Bb5 a6 15. Qa4 Be7 16. Rc1 axb5 17. Qxa8 O-O 18. Rxc8 1-0

[Event "*** Titled Tuesday Blitz"]
[Site "Chess.com"]
[Date "2019.02.05"]
[Round "4"]
[White "TheBigBadChessDad"]
[Black "Veiso"]
[Result "0-1"]
[WhiteElo "2264"]
[BlackElo "2380"]
[TimeControl "180+2"]
[EndTime "13:44:30 PST"]
[Termination "Veiso won by resignation"]

1. d4 c5 2. c3 Nf6 3. Nf3 g6 4. Bf4 Bg7 5. e3 O-O 6. Nbd2 b6 7. h3 Bb7 8. Bd3 d6 9. Qe2 Nbd7 10. O-O Re8 11. e4 e5 12. dxe5 dxe5 13. Bg5 h6 14. Bxf6 Nxf6 15. Ba6 Bc6 16. Bb5 Bxb5 17. Qxb5 Nh5 18.
g3 Qc8 19. Kg2 Qe6 20. a4 g5 21. Qc4 g4 22. Ng1 gxh3+ 23. Nxh3 Qg4 24. f3 Qxg3+ 25. Kh1 Qxh3+ 26. Kg1 Qg3+ 27. Kh1 Nf4 0-1

[Event "*** Titled Tuesday Blitz"]
[Site "Chess.com"]
[Date "2019.02.05"]
[Round "4"]
[White "AndrBaryshpolets"]
[Black "Th3ChessViking"]
[Result "1-0"]
[WhiteElo "2610"]
[BlackElo "2461"]
[TimeControl "180+2"]
[EndTime "13:45:11 PST"]
[Termination "AndrBaryshpolets won by resignation"]

1. d4 Nf6 2. c4 c5 3. d5 e5 4.
Nc3 d6 5. e4 Nbd7 6. g3 Be7 7.
Bg2 O-O 8. Nf3 a6 9. a4 b6 10. O-O Ne8 11. Ne1 Rb8 12. Nd3 Nc7 13. b4 Bg5 14. Rb1 Bxc1 15. Qxc1 g6 16. a5 bxa5 17.
bxc5 Rxb1 18. Qxb1 Nxc5 19. Nxc5 dxc5 20. Qb6 Na8 21.
Qxd8 Bd7 22. Qxd7 1-0

[Event "*** Titled Tuesday Blitz"]
[Site "Chess.com"]
[Date "2019.02.05"]
[Round "4"]
[White "Perecke"]
[Black "Fenil1995"]
[Result "0-1"]
[WhiteElo "2048"]
[BlackElo "2207"]
[TimeControl "180+2"]
[EndTime "13:45:18 PST"]
[Termination "Fenil1995 won by resignation"]

1. e4 c5 2. Nf3 e6 3. c4 Nc6 4. Nc3 Nf6 5. Be2 Qc7 6. O-O a6 7. d4 cxd4 8. Nxd4 Bd6 9. h3 O-O 10. Kh1 Nxd4 11. Qxd4 Bc5 12. Qd3 d6 13. f4 Rb8 14. g4 b5 15. cxb5 axb5 16. Nxb5 Qc6 17. Nc3 Bb4 18. Bf3 Ba6 19. Qd1 Bxf1 20. Qxf1 Bxc3 21. e5 Nd5 0-1

[Event "*** Titled Tuesday Blitz"]
[Site "Chess.com"]
[Date "2019.02.05"]
[Round "4"]
[White "Zq1"]
[Black "DenisQ"]
[Result "1/2-1/2"]
[WhiteElo "2523"]
[BlackElo "2666"]
[TimeControl "180+2"]
[EndTime "13:45:45 PST"]
[Termination "Game drawn by agreement"]

1. d4 d5 2. c4 c6 3. cxd5 cxd5 4.
Bg5 Nc6 5. Nc3 h6 6. Bh4 Nf6 7. Bxf6 gxf6 8. e3 e6 9. g3 Bd7 10. Bg2 Rc8 11. Nf3 Na5 12. O-O Qb6 13. Rb1 Bb4 14.
Qe2 Qa6 15. Qxa6 bxa6 16. Rfc1 Ke7 17. Bf1 Nc4 18. Bxc4 Rxc4 19. Nd2 Rc6 20. a3 Bxc3 21. Rxc3 Rxc3 22. bxc3 Rc8 23. Rc1 Rb8 24. Rb1 Rc8 25. Rc1 Rb8 26. Rb1 1/2-1/2

[Event "*** Titled Tuesday Blitz"]
[Site "Chess.com"]
[Date "2019.02.05"]
[Round "4"]
[White "Nathan_Filgueiras"]
[Black "Bauxi435"]
[Result "1-0"]
[WhiteElo "2267"]
[BlackElo "2434"]
[TimeControl "180+2"]
[EndTime "13:45:51 PST"]
[Termination "Nathan_Filgueiras won by resignation"]

1. e4 c5 2. Nf3 e6 3. d4 cxd4 4. Nxd4 Nf6 5. Nc3 Nc6 6. Be3 Bb4 7. Nxc6 bxc6 8. e5 Nd5 9. Bd2 Nxc3 10. bxc3 Be7 11. Qg4 g6 12. Bd3 O-O 13. h4 Qa5 14. Qg3 Kh8 15. h5 g5 16. O-O Rg8 17. Qf3 h6 18. Qxf7 Rg7 19. Qe8+ 1-0

[Event "*** Titled Tuesday Blitz"]
[Site "Chess.com"]
[Date "2019.02.05"]
[Round "4"]
[White "bugsbunny444"]
[Black "2165149677570"]
[Result "1-0"]
[WhiteElo "2595"]
[BlackElo "2296"]
[TimeControl "180+2"]
[EndTime "13:45:59 PST"]
[Termination "bugsbunny444 won by resignation"]

1. Nf3 c5 2. c4 Nc6 3. d4 cxd4 4. Nxd4 g6 5. e4 Nf6 6. Nc3 Nxd4 7. Qxd4 d6 8. Be2 Bg7 9. O-O O-O 10. Qd3 Be6 11. Be3 Qa5 12. Bd4 Rfc8 13. b3 a6 14. f4 Nd7 15. f5 Bxd4+ 16. Qxd4 gxf5 17. exf5 Bxf5 18. Nd5 e6 19. Ne7+ Kf8 20. Nxc8 Rxc8 21. Qxd6+ Ke8 22. Bf3 b5 23. Rfd1 Qc7 24. Qxc7 Rxc7 25.
cxb5 axb5 26. a4 b4 27. Rdc1 Ra7 28. Rc4 1-0

[Event "*** Titled Tuesday Blitz"]
[Site "Chess.com"]
[Date "2019.02.05"]
[Round "4"]
[White "akhairat"]
[Black "WorldChampionBulletChess"]
[Result "1-0"]
[WhiteElo "2241"]
[BlackElo "2109"]
[TimeControl "180+2"]
[EndTime "13:46:04 PST"]
[Termination "akhairat won by resignation"]

1. Nf3 d5 2. g3 c6 3. Bg2 g6 4. O-O Nf6 5. d3 h5 6. h4 Bg4 7. c4 Qc8 8. Re1 Nbd7 9. cxd5 cxd5 10. Nc3 e6 11. Bf4 Bxf3 12. Bxf3 e5 13. Bg5 d4 14. Nb5 Be7 15. Rc1 Qd8 16. Nc7+ Kf8 17. Nxa8 Qxa8 18. Rc7 1-0

[Event "*** Titled Tuesday Blitz"]
[Site "Chess.com"]
[Date "2019.02.05"]
[Round "4"]
[White "TrimitziosP7"]
[Black "Koksik_13"]
[Result "0-1"]
[WhiteElo "2679"]
[BlackElo "2680"]
[TimeControl "180+2"]
[EndTime "13:46:09 PST"]
[Termination "Koksik_13 won by resignation"]

1. d4 e6 2. c4 d5 3. Nf3 a6 4. cxd5 exd5 5. Nc3 c6 6. Bf4 Bd6 7. Bxd6 Qxd6 8. e4 dxe4 9. Nxe4 Qe7 10. Qe2 Be6 11. Nc5 Nf6 12. Nxe6 fxe6 13. Qc4 O-O 14. Be2 Nd5 15. O-O Nd7 16. Rfe1 Kh8 17. Bd3 Nf4 18.
Re3 Nb6 19. Qb3 Nbd5 20. Re4 Qf6 21. Bc2 a5 22. Rae1 a4 23. Qc4 Nxg2 24. Kxg2 Qxf3+ 25. Kg1 Qxf2+ 26. Kh1 Qf3+ 27. Kg1 Nf4 0-1

[Event "*** Titled Tuesday Blitz"]
[Site "Chess.com"]
[Date "2019.02.05"]
[Round "4"]
[White "indfraeng"]
[Black "MikeSailer"]
[Result "0-1"]
[WhiteElo "1969"]
[BlackElo "2119"]
[TimeControl "180+2"]
[EndTime "13:46:23 PST"]
[Termination "MikeSailer won by resignation"]

1. d4 d5 2. c4 c6 3. cxd5 cxd5 4.
Bf4 Nf6 5. e3 a6 6. Nc3 Nc6 7. Qb3 e6 8. Bd3 Bd6 9. Bxd6 Qxd6 10.
Nf3 O-O 11. O-O b5 12. a3 Bb7 13. Na2 Na5 14. Qd1 Nc4 15. Nb4 Nxb2 16. Qb3 Nxd3 17. Nxd3 Ne4 18. Rac1 Rac8 19. Qb2 f6 20. Nb4 Rc4 21.
Rfd1 Rfc8 22. Ne1 Nc3 23. Ned3 Nxd1 24. Rxd1 a5 25. Na2 Rc2 26. Qxb5 Ba6 27. Qb3 Bxd3 28.
Rxd3 Rxa2 29. Rc3 Ra1+ 0-1

[Event "*** Titled Tuesday Blitz"]
[Site "Chess.com"]
[Date "2019.02.05"]
[Round "4"]
[White "nailbeshirli"]
[Black "jsdbv18"]
[Result "1-0"]
[WhiteElo "2683"]
[BlackElo "2477"]
[TimeControl "180+2"]
[EndTime "13:46:25 PST"]
[Termination "nailbeshirli won by resignation"]

1. e4 c5 2. Nf3 d6 3. Nc3 Nf6 4.
e5 dxe5 5. Nxe5 Nbd7 6. Nc4 g6 7. d4 cxd4 8. Qxd4 Bg7 9. Bg5 O-O 10. O-O-O Qc7 11. Kb1 a6 12. Qf4 Qc5 13. h4 b5 14. Na5 b4 15. Nb3 Qb6 16. Na4 Qb5 17.
Bxb5 axb5 18. Nac5 Nxc5 19. Nxc5 1-0

[Event "*** Titled Tuesday Blitz"]
[Site "Chess.com"]
[Date "2019.02.05"]
[Round "4"]
[White "Orlovachess"]
[Black "aa175"]
[Result "0-1"]
[WhiteElo "1407"]
[BlackElo "1933"]
[TimeControl "180+2"]
[EndTime "13:46:27 PST"]
[Termination "aa175 won on time"]

1. b3 e5 2. Bb2 Nc6 3. e3 Nf6 4. Bb5 Bd6 5. Na3 Qe7 6. Nc4 a6 7.
Bxc6 dxc6 8. d3 O-O 9. h3 b5 10. Nd2 Bb7 11. Ngf3 a5 12. O-O a4 13. c4 a3 14. Bc1 b4 15. Qc2 c5 16. Ng5 h6 17.
Nge4 Nd7 18. Nxd6 Qxd6 19. Ne4 Qg6 0-1

[Event "*** Titled Tuesday Blitz"]
[Site "Chess.com"]
[Date "2019.02.05"]
[Round "4"]
[White "Saitama_Hero"]
[Black "Kumi29"]
[Result "0-1"]
[WhiteElo "2218"]
[BlackElo "2427"]
[TimeControl "180+2"]
[EndTime "13:46:31 PST"]
[Termination "Kumi29 won by resignation"]

1. d4 f5 2. Nc3 Nf6 3. Bg5 d5 4.
Bxf6 exf6 5. e3 Nc6 6. a3 Be6 7. Bd3 Qd7 8. Qf3 O-O-O 9. Nge2 g6 10. Nf4 Bf7 11. h4 h5 12. O-O-O Na5 13. Rh3 Nc4 14. Bxc4 dxc4 15. Rg3 Rg8 16. e4 fxe4 17. Nxe4 Qf5 18. d5 Bh6 19. Ng5 fxg5 20. hxg5 Bxg5 21. Rxg5 Qxg5 22.
Kb1 Qg4 23. Qxg4+ hxg4 24. Rd4 g5 25. Ne2 Rxd5 26. Rxg4 Bh5 0-1